 Dungeon Crawl Stone Soup version 0.31-a0-1529-g7bd419a0e5 (console) character file.

Game seed: 15058265089837544978

18735 jejorda2 the Cleaver (level 12, -11/97 HPs)
             Began as a Gnoll Berserker on Dec 31, 2023.
             Was an Elder of Trog.
             Mangled by a death yak (18 damage)
             ... on level 1 of the Lair of Beasts on Jan 1, 2024.
             The game lasted 00:38:08 (13375 turns).

jejorda2 the Cleaver (Gnoll Berserker)             Turns: 13375, Time: 00:38:08

Health: -11/97     AC: 27    Str: 23    XL:     12   Next: 61%
Magic:  23/23      EV: 10    Int:  9    God:    Trog [****..]
Gold:   426        SH:  0    Dex: 15    Spells: 26/26 levels left

rFire   + . .        a - +0 battleaxe
rCold   . . .        (shield currently unavailable)
rNeg    . . .        t - +0 plate armour
rPois   +            A - +2 helmet
rElec   .            f - +0 cloak
rCorr   .            I - +1 pair of gloves
SInv    .            C - +1 pair of boots of Nemelex Xobeh's Favour {rF+ Str+3 Dex+4}
Will    ++...        (no amulet) Stlth
                     H - ring of poison resistance
HPRegen 1.36/turn    j - +4 ring of protection
MPRegen 0.18/turn

%: no passive effects
@: lethally poisoned (-11 -> -14), strong-willed, on berserk cooldown,
regenerating, slowed, very slow
A: fangs 1, strong nose, distributed training
a: Renounce Religion, Berserk, Trog's Hand, Brothers in Arms


You were on level 1 of the Lair of Beasts.
You worshipped Trog.
Trog was greatly pleased with you.
You visited 2 branches of the dungeon, and saw 12 of its levels.

You collected 742 gold pieces.
You spent 316 gold pieces at shops.

Inventory:

Hand Weapons
 a - a +0 battleaxe (weapon)
 b - the +7 quarterstaff of Dismemberment {freeze, rC+ rCorr Str+4}
   (You found it on level 7 of the Dungeon)

   Str+4:     It affects your strength (+4).
   rC+:       It protects you from cold.
   rCorr:     It protects you from acid and corrosion.
Missiles
 c - 4 atropa-tipped darts
 l - a curare-tipped dart
 u - 3 boomerangs
 E - 16 poisoned darts (quivered)
Armour
 f - a +0 cloak (worn)
 t - a +0 plate armour (worn)
 w - the +1 pair of boots of the Prince of Darkness {^Drain rElec rPois Str+4}
   (You found it on level 9 of the Dungeon)

   Str+4:     It affects your strength (+4).
   rElec:     It insulates you from electricity.
   rPois:     It protects you from poison ^Drain: It drains your maximum health
   when unequipped.
 A - a +2 helmet (worn)
 C - the +1 pair of boots of Nemelex Xobeh's Favour (worn) {rF+ Str+3 Dex+4}
   (You acquired it on level 7 of the Dungeon)

   Str+3:     It affects your strength (+3).
   Dex+4:     It affects your dexterity (+4).
   rF+:       It protects you from fire.
 I - a +1 pair of gloves (worn)
Jewellery
 j - a +4 ring of protection (right hand)
 H - a ring of poison resistance (left hand)
 J - a ring of protection from cold
Wands
 g - a wand of quicksilver (8)
 m - a wand of polymorph (3)
 s - a wand of paralysis (17)
 z - a wand of roots (10)
Scrolls
 d - a scroll of revelation
 h - 2 scrolls of enchant weapon
 q - 8 scrolls of teleportation
 v - 2 scrolls of enchant armour
 y - a scroll of immolation
 B - 2 scrolls of silence
 D - a scroll of fear
 G - 2 scrolls of blinking
Potions
 e - 9 potions of curing
 i - a potion of attraction
 k - 4 potions of mutation
 n - 2 potions of heal wounds
 o - 3 potions of might
 p - 4 potions of enlightenment
 r - 2 potions of resistance
 x - a potion of invisibility


   Skills:
 + Level 10.2 Fighting
 + Level 7.7 Short Blades
 + Level 7.7 Long Blades
 + Level 10.2 Axes
 + Level 7.7 Maces & Flails
 + Level 7.7 Polearms
 + Level 7.7 Staves
 + Level 7.7 Ranged Weapons
 + Level 7.7 Throwing
 + Level 9.1 Armour
 + Level 9.1 Dodging
 + Level 7.7 Stealth
 + Level 7.7 Shields
 + Level 7.7 Unarmed Combat
 + Level 7.7 Spellcasting
 + Level 6.4 Conjurations
 + Level 6.4 Hexes
 + Level 6.4 Summonings
 + Level 6.4 Necromancy
 + Level 6.4 Translocations
 + Level 6.4 Fire Magic
 + Level 6.4 Ice Magic
 + Level 6.4 Air Magic
 + Level 6.4 Earth Magic
 + Level 6.4 Alchemy
 + Level 8.5 Invocations
 + Level 7.7 Evocations
 + Level 7.0 Shapeshifting


You had 26 spell levels left.
You didn't know any spells.
Your spell library was empty.

Dungeon Overview and Level Annotations

Branches:
Dungeon (11/15)            Temple (0/1) D:7            Lair (1/5) D:11
    Orc (0/2) D:10

Altars:
Ashenzari
Elyvilon
Fedhas
Hepliaklqana
Qazlal
Sif Muna
Trog
Xom
Yredelemnul
Zin

Shops:
D:1 =   D:7 [!(=   D:9 [


Innate Abilities, Weirdness & Mutations

You have very sharp teeth.
Your uncanny sense of smell can sniff out nearby items.
Your experience applies equally to all skills.


Message History

The black mamba bites you but does no damage.
The black mamba bites you.
Unknown command.
You hit the death yak.
The death yak is heavily wounded.
You barely miss the death yak. You slash the black mamba!
You are no longer berserk.
You are exhausted.
You feel yourself slow down. The black mamba barely misses you.
The death yak barely misses you. The death yak gores you!
Your black bear goes berserk!
The black mamba bites you.
You are poisoned.
The black mamba poisons you!
The black mamba bites you but does no damage.
The death yak gores you but does no damage.
The death yak closely misses you. The death yak misses you.
The death yak gores you!
* * * LOW HITPOINT WARNING * * *
Unknown command.
Unknown command.
You feel extremely sick.
The death yak closely misses your black bear.
The death yak attacks as it pursues you!
The death yak closely misses you.
Your black bear bites the death yak.
Your black bear claws the death yak but does no damage.
Your black bear claws the death yak.
You see here a bullfrog corpse.
You feel very sick.
Your black bear bites the death yak but does no damage.
Your black bear claws the death yak.
Your black bear claws the death yak but does no damage.
The death yak gores you!
* * * LOW HITPOINT WARNING * * *
The death yak gores your black bear!
The death yak gores you but does no damage.
Your black bear bites the death yak.
Your black bear claws the death yak but does no damage. x2
The death yak gores your black bear! The death yak gores you!!
You die...

.... ## ............#
####P### ............#
#.#....##
............####%#......
.............##.........
.............#..........
...........##...@S......
#..............YYY!.....
#..............h.†#.....
#.......###.####Y.......
#!.##.### ### ###......
....#.# #..... ......#
...?. .......# ...##
.......# ##


You could see 4 death yaks, a black mamba and a friendly black bear (summoned,
berserk).

Vanquished Creatures
  Josephine (D:10)
  2 two-headed ogres
  2 death yaks (Lair:1)
  Maurice (D:8)
  A gargoyle (D:10)
  An unseen horror (D:9)
  2 cane toads (Lair:1)
  Maggie (D:9)
  2 komodo dragons (Lair:1)
  5 trolls
  2 hornets
  The ghost of Demosthentine the Ducker, an amateur DsGl (D:5)
  3 shadows
  35 yaks
  An air elemental (D:10)
  A vampire (D:11)
  A water elemental (D:10)
  A wyvern (Lair:1)
  4 wraiths
  A fire elemental (D:10)
  5 vampire mosquitoes
  A steam dragon (D:10)
  2 acid dragons
  A water moccasin (Lair:1)
  2 ice beasts
  4 orc warriors
  4 sky beasts
  An ogre (D:4)
  3 centaurs
  A kobold brigand (D:9)
  4 bullfrogs (Lair:1)
  2 necrophages (D:5)
  A gnoll sergeant (D:8)
  2 scorpions (D:5)
  An earth elemental (D:10)
  A water moccasin zombie (D:5)
  2 wights (D:5)
  6 killer bees
  5 howler monkeys
  A centaur zombie (D:5)
  4 hounds
  6 orc priests
  2 bombardier beetles
  3 jellies
  A gnoll bouda (D:8)
  A human zombie (D:5)
  Jessica (D:3)
  4 sleepcaps
  14 orc wizards
  A scorpion zombie (D:5)
  A hound zombie (D:5)
  3 mummies (D:5)
  8 gnolls (D:8)
  6 adders
  2 white imps
  2 ufetubi (D:6)
  3 dart slugs
  A ribbon worm (D:3)
  49 orcs
  4 bats
  6 endoplasms
  A giant cockroach (D:1)
  7 goblins
  4 hobgoblins
  8 jackals
  A quokka (D:3)
  9 ball pythons
  3 frilled lizards
  14 kobolds
  2 rats
288 creatures vanquished.

Vanquished Creatures (others)
  An orc wizard (D:9)
1 creature vanquished.

Grand Total: 289 creatures vanquished

Notes
Turn   | Place    | Note
-------+----------+-------------------------------------------
     0 | D:1      | jejorda2 the Gnoll Berserker began the quest for the Orb.
     0 | D:1      | Reached XP level 1. HP: 23/23 MP: 1/1
   118 | D:1      | Reached XP level 2. HP: 29/29 MP: 2/2
   329 | D:1      | Reached XP level 3. HP: 21/35 MP: 3/3
   429 | D:1      | Found Logeulof's Jewellery Shop.
   634 | D:2      | Reached ** piety under Trog
   635 | D:2      | Reached skill level 1 in Invocations
   641 | D:2      | Found a broken altar of Ashenzari.
   759 | D:2      | Found a faded altar of an unknown god.
   857 | D:2      | Reached skill level 1 in Short Blades
   857 | D:2      | Reached skill level 1 in Long Blades
   857 | D:2      | Reached skill level 1 in Maces & Flails
   857 | D:2      | Reached skill level 1 in Polearms
   857 | D:2      | Reached skill level 1 in Staves
   857 | D:2      | Reached skill level 1 in Ranged Weapons
   857 | D:2      | Reached skill level 1 in Throwing
   857 | D:2      | Reached skill level 1 in Stealth
   857 | D:2      | Reached skill level 1 in Shields
   857 | D:2      | Reached skill level 1 in Unarmed Combat
   857 | D:2      | Reached skill level 1 in Spellcasting
   857 | D:2      | Reached skill level 1 in Evocations
  1031 | D:3      | Found a broken altar of Ashenzari.
  1052 | D:2      | Reached skill level 1 in Shapeshifting
  1052 | D:2      | Reached XP level 4. HP: 5/41 MP: 5/5
  1449 | D:3      | Noticed Jessica
  1464 | D:3      | Killed Jessica
  1465 | D:3      | Reached skill level 1 in Conjurations
  1465 | D:3      | Reached skill level 1 in Hexes
  1465 | D:3      | Reached skill level 1 in Summonings
  1465 | D:3      | Reached skill level 1 in Necromancy
  1465 | D:3      | Reached skill level 1 in Translocations
  1465 | D:3      | Reached skill level 1 in Fire Magic
  1465 | D:3      | Reached skill level 1 in Ice Magic
  1465 | D:3      | Reached skill level 1 in Air Magic
  1465 | D:3      | Reached skill level 1 in Earth Magic
  1465 | D:3      | Reached skill level 1 in Alchemy
  1675 | D:3      | Reached XP level 5. HP: 41/47 MP: 7/7
  2160 | D:4      | Found a hazy altar of Hepliaklqana.
  2220 | D:4      | Reached XP level 6. HP: 36/53 MP: 8/8
  2232 | D:4      | Reached skill level 5 in Armour
  2232 | D:4      | Reached skill level 5 in Dodging
  2359 | D:4      | Found a glowing silver altar of Zin.
  2843 | D:4      | Found a bloodstained altar of Trog.
  2892 | D:5      | Entered Level 5 of the Dungeon
  2895 | D:5      | Found a runed translucent gate.
  2895 | D:5      | Found a runed translucent gate.
  2897 | D:5      | Found a runed translucent gate.
  2898 | D:5      | Noticed Demosthentine's ghost (amateur DsGl)
  2899 | D:5      | Identified the +1 mace "Qegoerobew" {speed, rC+}
  2899 | D:5      | Identified the +1 chain mail "Regef" {Int+3}
  3051 | D:5      | Reached XP level 7. HP: 30/60 MP: 10/10
  3624 | D:5      | Found a basalt altar of Yredelemnul.
  3795 | D:5      | Reached XP level 8. HP: 56/66 MP: 12/12
  3949 | D:5      | Found a blossoming altar of Fedhas.
  4147 | D:5      | Reached *** piety under Trog
  5054 | D:5      | Killed Demosthentine's ghost
  5215 | D:1      | Bought a ring of poison resistance for 240 gold pieces
  5510 | D:6      | Reached XP level 9. HP: 66/73 MP: 14/14
  6095 | D:6      | Found a stormy altar of Qazlal.
  6220 | D:7      | Found Ponowkuo's Distillery.
  6256 | D:7      | Bought a potion of curing for 36 gold pieces
  6267 | D:7      | Identified a scroll of acquirement
  6267 | D:7      | Acquired the +1 pair of boots of Nemelex Xobeh's Favour
                  | {rF+ Str+3 Dex+4}
  6311 | D:7      | Found Nilo's Jewellery Shoppe.
  6450 | D:7      | Noticed a hornet
  6475 | D:7      | Killed a hornet
  6713 | D:7      | Found Werau's Weapon Emporium.
  7032 | D:7      | Found Guudes's Armour Emporium.
  7098 | D:7      | Found a staircase to the Ecumenical Temple.
  7107 | D:7      | Identified the +7 quarterstaff of Dismemberment {freeze,
                  | rC+ rCorr Str+4}
  7340 | D:7      | Bought a +0 broad axe for 40 gold pieces
  7371 | D:8      | Reached skill level 5 in Invocations
  7576 | D:8      | Reached skill level 5 in Short Blades
  7576 | D:8      | Reached skill level 5 in Long Blades
  7576 | D:8      | Reached skill level 5 in Maces & Flails
  7576 | D:8      | Reached skill level 5 in Polearms
  7576 | D:8      | Reached skill level 5 in Staves
  7576 | D:8      | Reached skill level 5 in Ranged Weapons
  7576 | D:8      | Reached skill level 5 in Throwing
  7576 | D:8      | Reached skill level 5 in Stealth
  7576 | D:8      | Reached skill level 5 in Shields
  7576 | D:8      | Reached skill level 5 in Unarmed Combat
  7576 | D:8      | Reached skill level 5 in Spellcasting
  7576 | D:8      | Reached skill level 5 in Evocations
  7576 | D:8      | Reached XP level 10. HP: 81/81 MP: 17/17
  7763 | D:8      | Noticed Maurice
  7790 | D:8      | Something stole 4 atropa-tipped darts
  7791 | D:8      | Something stole the +7 quarterstaff of Dismemberment
                  | {freeze, rC+ rCorr Str+4}
  7814 | D:8      | Killed Maurice
  8985 | D:9      | Found Plog's Armour Boutique.
  9291 | D:9      | Reached skill level 5 in Shapeshifting
  9544 | D:9      | Identified the +0 robe of the Comet {Harm rN+ Str+3 Int+6}
  9578 | D:9      | Reached **** piety under Trog
  9937 | D:9      | Noticed Maggie
  9946 | D:9      | Killed Maggie
 10088 | D:9      | Identified the +1 pair of boots of the Prince of Darkness
                  | {^Drain rElec rPois Str+4}
 10116 | D:9      | Reached skill level 5 in Conjurations
 10116 | D:9      | Reached skill level 5 in Hexes
 10116 | D:9      | Reached skill level 5 in Summonings
 10116 | D:9      | Reached skill level 5 in Necromancy
 10116 | D:9      | Reached skill level 5 in Translocations
 10116 | D:9      | Reached skill level 5 in Fire Magic
 10116 | D:9      | Reached skill level 5 in Ice Magic
 10116 | D:9      | Reached skill level 5 in Air Magic
 10116 | D:9      | Reached skill level 5 in Earth Magic
 10116 | D:9      | Reached skill level 5 in Alchemy
 10116 | D:9      | Reached XP level 11. HP: 89/89 MP: 20/20
 10499 | D:9      | Found a shimmering altar of Xom.
 10589 | D:10     | Entered Level 10 of the Dungeon
 10637 | D:10     | Found a staircase to the Orcish Mines.
 10739 | D:10     | Found a large runed translucent door.
 10740 | D:10     | Found a large runed translucent door.
 11150 | D:10     | Found a white marble altar of Elyvilon.
 11212 | D:10     | Found a shimmering blue altar of Sif Muna.
 11214 | D:10     | Noticed a two-headed ogre
 11226 | D:10     | Killed a two-headed ogre
 11276 | D:10     | Noticed Josephine
 11300 | D:10     | Killed Josephine
 11466 | D:10     | Paralysed by an air elemental for 1 turns
 11469 | D:10     | Paralysed by an air elemental for 1 turns
 11473 | D:10     | Paralysed by an air elemental for 1 turns
 11478 | D:10     | Paralysed by an air elemental for 1 turns
 11577 | D:10     | Paralysed by an air elemental for 1 turns
 11581 | D:10     | Paralysed by an air elemental for 1 turns
 12053 | D:11     | Found a staircase to the Lair.
 12288 | D:11     | Reached XP level 12. HP: 97/97 MP: 22/22
 12689 | D:11     | Noticed a two-headed ogre
 12699 | D:11     | Killed a two-headed ogre
 12770 | Lair:1   | Entered Level 1 of the Lair of Beasts
 12770 | Lair:1   | Found a shimmering altar of Xom.
 12807 | Lair:1   | Reached skill level 10 in Fighting
 12807 | Lair:1   | Reached skill level 10 in Axes
 13350 | Lair:1   | Noticed a death yak
 13351 | Lair:1   | Noticed a death yak
 13357 | Lair:1   | Noticed a death yak
 13358 | Lair:1   | Noticed a death yak
 13358 | Lair:1   | Noticed a death yak
 13358 | Lair:1   | Noticed a death yak
 13366 | Lair:1   | Killed a death yak
 13370 | Lair:1   | Killed a death yak
 13375 | Lair:1   | Mangled by a death yak

Illustrated notes

Levels and vault maps discovered:
D:1:      minmay_arrival_hallway, layout_rooms, serial_shops, shop
D:2:      layout_rooms, ebering_ecumenical_altar_petrified, basic_altar,
          minmay_fountain_box
D:3:      layout_basic, cheibrodos_ashenzari_chains, serial_park_tiny_2,
          uniq_jessica
D:4:      layout_rooms, mainiacjoe_overflow_paths, trog_book,
          lemuel_doored_altar
D:5:      layout_basic, lemuel_mausoleum_altar_yredelemnul,
          fedhas_altar_fruit_tree, biasface_ghost_orc_armoury
D:6:      layout_loops_ring, nicolae_qazlal_eye_of_the_storm,
          kennysheep_nondescript, minivault_11
D:7:      layout_loops_ring, minmay_temple_entry_large_hall, serial_shops, shop,
          nicolae_shop_waterfront, nicolae_shop_industrial_runoff,
          nicolae_shop_behind_doors
D:8:      layout_layer_cave, uniq_maurice
D:9:      layout_loops_ring, mainiacjoe_overflow_cross_hatched, serial_shops,
          nicolae_shop_hallway_stairs, uniq_maggie
D:10:     layout_long_grid, mainiacjoe_overflow_six_doors_small,
          mainiacjoe_overflow_24_doors, lightli_elemental_guards, uniq_josephine
D:11:     layout_roguey, lair_entry_dummy
Lair:1:   layout_cave_pods, basic_altar, grunt_megastairs_4,
          serial_bayou_shore_a

Skill      XL: |  1  2  3  4  5  6  7  8  9 10 11 12 |
---------------+-------------------------------------+-----
Invocations    | 1 2 3 4 5 6 7 8 |  8.5
Short Blades   | 1 2 3 5 6 7 |  7.7
Long Blades    | 1 2 3 5 6 7 |  7.7
Maces & Flails | 1 2 3 5 6 7 |  7.7
Polearms       | 1 2 3 5 6 7 |  7.7
Staves         | 1 2 3 5 6 7 |  7.7
Ranged Weapons | 1 2 3 5 6 7 |  7.7
Throwing       | 1 2 3 5 6 7 |  7.7
Stealth        | 1 2 3 5 6 7 |  7.7
Shields        | 1 2 3 5 6 7 |  7.7
Unarmed Combat | 1 2 3 5 6 7 |  7.7
Spellcasting   | 1 2 3 5 6 7 |  7.7
Evocations     | 1 2 3 5 6 7 |  7.7
Shapeshifting  | 1 2 3 4 5 6 7 |  7.0
Conjurations   | 1 2 3 4 5 6 |  6.4
Hexes          | 1 2 3 4 5 6 |  6.4
Summonings     | 1 2 3 4 5 6 |  6.4
Necromancy     | 1 2 3 4 5 6 |  6.4
Translocations | 1 2 3 4 5 6 |  6.4
Fire Magic     | 1 2 3 4 5 6 |  6.4
Ice Magic      | 1 2 3 4 5 6 |  6.4
Air Magic      | 1 2 3 4 5 6 |  6.4
Earth Magic    | 1 2 3 4 5 6 |  6.4
Alchemy        | 1 2 3 4 5 6 |  6.4
Armour         | 5 6 7 8 9 |  9.1
Dodging        | 5 6 7 8 9 |  9.1
Fighting       | 7 8 9 10 | 10.2
Axes           | 7 8 9 10 | 10.2

Action                     |  1- 3 |  4- 6 |  7- 9 | 10-12 || total
---------------------------+-------+-------+-------+-------++-------
  Melee: Hand axe          |    89 |   186 |    77 |       ||   352
         Bite              |     4 |    13 |    60 |    68 ||   145
         Punch             |       |     3 |    13 |       ||    16
         Morningstar       |       |       |   113 |       ||   113
         Mace              |       |       |   148 |       ||   148
         Quarterstaff      |       |       |    31 |   249 ||   280
         Broad axe         |       |       |    23 |       ||    23
         Battleaxe         |       |       |       |   224 ||   224
  Throw: Dart              |       |       |       |    12 ||    12
         Boomerang         |       |       |       |     1 ||     1
 Invoke: Berserk           |     1 |     2 |     8 |    16 ||    27
         Trog's Hand       |     1 |     1 |     3 |     8 ||    13
         Brothers in Arms  |       |       |       |     1 ||     1
  Evoke: Wand              |       |       |       |     2 ||     2
    Use: Scroll            |       |       |    22 |     5 ||    27
         Potion            |       |       |       |     2 ||     2
   Stab: Paralysed         |       |       |       |     6 ||     6
         Invisible         |       |       |       |     1 ||     1
 Armour: Animal skin       |    43 |     2 |       |       ||    45
         Plate armour      |       |   142 |   391 |   520 ||  1053
  Dodge: Dodged            |    57 |    47 |   135 |   208 ||   447

Table legend: (Time is in decaauts)
 A = Elapsed time spent in this place.
 B = Non-inter-level travel time spent in this place.
 C = Inter-level travel time spent in this place.
 D = Time resting spent in this place.
 E = Time spent auto-exploring this place.
 F = Levels seen in this place.
 G = Mean time per level.
                   A        B        C        D        E       F      G
               +--------+--------+--------+--------+--------+-----+--------+
         Total |  13599 |  13038 |    561 |   1088 |   9591 |  12 | 1133.2 |
       Dungeon |  12993 |  12432 |    561 |   1088 |   9107 |  11 | 1181.2 |
          Lair |    606 |    606 |      0 |      0 |    484 |   1 |  606.0 |
               +--------+--------+--------+--------+--------+-----+--------+

Top non-repeatable levels by time:
     D:5: 2175 daAuts
     D:8: 1876 daAuts
    D:10: 1449 daAuts
     D:9: 1421 daAuts
     D:7: 1097 daAuts
     D:3: 974 daAuts
     D:4: 969 daAuts
     D:6: 926 daAuts
    D:11: 807 daAuts
     D:1: 670 daAuts
     D:2: 624 daAuts
  Lair:1: 606 daAuts
